 Dungeon Crawl Stone Soup version 0.24-a0-165-g1b465fe (webtiles) character file.

Game seed: 12396095670190604932

25 Dfrag the Grave Robber (level 2, -6/22 HPs)
             Began as a Deep Dwarf Necromancer on Mar 6, 2019.
             Mangled by a worm (9 damage)
             ... on level 2 of the Dungeon.
             The game lasted 00:00:58 (750 turns).

Dfrag the Grave Robber (Deep Dwarf Necromancer)      Turns: 750, Time: 00:00:59

Health: -6/22      AC:  3    Str: 11    XL:     2   Next: 86%
Magic:  0/5        EV: 12    Int: 20    God:
Gold:   73         SH:  0    Dex: 13    Spells: 4/5 levels left

rFire    . . .     SeeInvis .   b - +0 short sword
rCold    . . .     Gourm    .   (no shield)
rNeg     . . .     Faith    .   a - +0 robe
rPois    .         Spirit   .   (no helmet)
rElec    .         Reflect  .   (no cloak)
rCorr    .         Harm     .   h - +0 pair of gloves
MR       .....                  (no boots)
Stlth    ++........             (no amulet)
HPRegen  0.00/turn              e - +5 ring of intelligence
MPRegen  0.09/turn              (no ring)

@: non-regenerating
A: damage resistance, heal wounds, sense surroundings 1, no regeneration
a: Heal Wounds


You were on level 2 of the Dungeon.
You were not hungry.

You visited 1 branch of the dungeon, and saw 2 of its levels.

You collected 73 gold pieces.

Inventory:

Hand Weapons
 b - a +0 short sword (weapon)
Armour
 a - a +0 robe (worn)
 h - a +0 pair of gloves (worn)
Jewellery
 e - a +5 ring of intelligence (left hand)
Scrolls
 d - a scroll of remove curse {unknown}
Potions
 f - a potion of curing {unknown}
 g - 4 potions of haste {unknown}
 i - 2 potions of heal wounds {unknown}
 j - a potion of degeneration {unknown}
Comestibles
 c - 2 rations


   Skills:
 - Level 2.1 Dodging
 - Level 2.4 Stealth
 + Level 2.4 Spellcasting
 + Level 4.9 Necromancy


You had 4 spell levels left.
You knew the following spells:

 Your Spells              Type           Power        Failure   Level  Hunger
a - Pain                  Necr           ###.         1%          1    #......

Your spell library contained the following spells:

 Spells                   Type           Power        Failure   Level  Hunger
 Animate Skeleton         Necr           N/A          1%          1    #......
 Vampiric Draining        Necr           ###.......   6%          3    ###....
 Animate Dead             Necr           N/A          21%         4    #####..
 Regeneration             Chrm/Necr      Unusable     N/A         3    N/A

Dungeon Overview and Level Annotations

Branches:
Dungeon (2/15)

Altars:


Innate Abilities, Weirdness & Mutations

You are resistant to damage.
You can heal yourself by infusing magical energy.
You passively map a small area around you.
You do not regenerate.


Message History

Aiming: Pain (safe; 1% risk of failure)
Press: ? - help, Shift-Dir - straight line, f/p - worm
Aim: a worm (lightly wounded, chance to defeat MR: 87%)
The worm writhes in agony!
You hit the worm.
The worm is heavily wounded.
The worm barely misses you.
You hit the worm.
The worm is heavily wounded.
The worm bites you.
You barely miss the worm.
The worm is heavily wounded.
You barely miss the worm.
The worm is heavily wounded.
The worm bites you!
* * * LOW HITPOINT WARNING * * *
You hit the worm but do no damage.
The worm is heavily wounded.
The worm bites you!
You die...

* #.#*
##..#.### *
*#.###w........
, #.#<..#......
#........###
####w#####.##
#..#†#* * .#
##.#.# , # *
#.#.# ,, ,
#@#.# * , #w#.#
* * * #.#.#*
**#...# ,*
*#####* * , ,
,* , , * * * ,,


You could see a worm.

Vanquished Creatures
  An ooze (D:1)
  2 leopard geckos (D:1)
  A bat (D:2)
  A giant cockroach (D:1)
  3 goblins (D:1)
  2 hobgoblins
  2 jackals (D:1)
  2 kobolds (D:1)
  A frilled lizard (D:1)
  4 rats
19 creatures vanquished.

Notes
Turn   | Place    | Note
-------+----------+-------------------------------------------
     0 | D:1      | Dfrag the Deep Dwarf Necromancer began the quest for the
                  | Orb.
     0 | D:1      | Reached XP level 1. HP: 15/15 MP: 3/3
   109 | D:1      | Reached XP level 2. HP: 14/22 MP: 3/5
   750 | D:2      | Mangled by a worm

Levels and vault maps discovered:
D:1:      dpeg_arrival_windows_large_door, layout_basic
D:2:      layout_loops_ring, lemuel_round_altar, fedhas_altar_4,
          old_standard_altar, uniq_natasha, uniq_terence

Skill      XL: |  1 |
---------------+----+-----
Spellcasting   | 2 |  2.4
Dodging        | |  2.1
Stealth        | |  2.4
Necromancy     | |  4.9

Action                   || total
-------------------------++-------
Melee: Short sword       ||    10
 Cast: Pain              ||    28
Armor: Robe              ||     2
Dodge: Dodged            ||    11

Table legend:
 A = Non-vault XP
 B = Vault XP
 C = Vault XP percentage of total XP
 D = Non-vault monster count
 E = Vault monster count
 F = Vault count percentage of total count
                 A         B        C        D         E       F
            +---------+---------+-------+---------+---------+-------
      Total |      37 |       0 |   0.0 |      19 |       0 |   0.0
            +---------+---------+-------+---------+---------+-------
        D:1 |      32 |       0 |   0.0 |      16 |       0 |   0.0
        D:2 |       5 |       0 |   0.0 |       3 |       0 |   0.0
            +---------+---------+-------+---------+---------+-------
